| TOP OF THE 1ST |
|
Gastonia Rockets batting - Pitching for Anderson Rebels : LHP Kevin Houston
|
|
Pitching: LHP Kevin Houston
|
|
|
Batting: RHB Jackie Wright
|
0-0: Ball 1-0: Called Strike 1-1: Fly out, F7 (Flyball, 7S, EV 88.8 MPH)
|
|
Batting: RHB James Crawford
|
0-0: SOLO HOME RUN (Flyball, 9D, EV 99.4 MPH), Distance : 358 ft
|
|
Batting: RHB john W Russell
|
0-0: SOLO HOME RUN (Flyball, 89XD, EV 98.8 MPH), Distance : 400 ft
|
|
Batting: RHB Mark Davidson
|
0-0: Called Strike 0-1: Ball 1-1: Foul Ball, location: 2F 1-2: Ball 2-2: Ball 3-2: SINGLE (Line Drive, 78M, EV 102.5 MPH)
|
|
Batting: RHB Lance Viola
|
0-0: Ball 1-0: Foul Ball, location: 2F 1-1: Swinging Strike 1-2: Foul Ball, location: 2F 1-2: Foul Ball, location: 2F 1-2: Foul Ball, location: 2F 1-2: Foul Ball, location: 2F 1-2: Ground out 6-3 (Groundball, P, EV 78.8 MPH) Mark Davidson to second
|
|
Batting: LHB Dale Holman
|
0-0: Ball 1-0: Foul Ball, location: 2F 1-1: Ball 2-1: Ball 3-1: Ground out 4-3 (Groundball, 4, EV 108.1 MPH)
|
| Top of the 1st over - 2 runs, 3 hits, 0 errors, 1 left on base; Gastonia 2 - Anderson 0 |
| BOTTOM OF THE 1ST |
|
Anderson Rebels batting - Pitching for Gastonia Rockets : RHP Mark Mendez
|
|
Pitching: RHP Mark Mendez
|
|
|
Batting: RHB Mike Gallego
|
0-0: Ground out 4-3 (Groundball, 4, EV 82.5 MPH)
|
|
Batting: RHB Juan Blanco
|
0-0: Ball 1-0: Called Strike 1-1: Fly out, F8 (Line Drive, 8LM, EV 94.4 MPH)
|
|
Batting: RHB Henry Cotto
|
0-0: Ball 1-0: SINGLE (Line Drive, 8RS, EV 105.6 MPH)
|
|
Batting: RHB Larry See
|
0-0: Ball 1-0: Called Strike 1-1: Ground out 4-3 (Groundball, 4, EV 87.5 MPH)
|
| Bottom of the 1st over - 0 runs, 1 hit, 0 errors, 1 left on base; Gastonia 2 - Anderson 0 |
| TOP OF THE 2ND |
|
Gastonia Rockets batting - Pitching for Anderson Rebels : LHP Kevin Houston
|
|
Batting: LHB Reginald Thomas
|
0-0: Swinging Strike 0-1: Swinging Strike 0-2: Ball 1-2: Strikes out looking
|
|
Batting: RHB Pat Dumouchelle
|
0-0: SINGLE (Groundball, 6M, EV 96.9 MPH)
|
|
Batting: RHB Donald Murelli
|
0-0: Ball 1-0: Called Strike 1-1: Ball Pat Dumouchelle is caught stealing 2nd base 2-4 2-1: Swinging Strike 2-2: Ball 3-2: Strikes out swinging
|
| Top of the 2nd over - 0 runs, 1 hit, 0 errors, 0 left on base; Gastonia 2 - Anderson 0 |
| BOTTOM OF THE 2ND |
|
Anderson Rebels batting - Pitching for Gastonia Rockets : RHP Mark Mendez
|
|
Batting: RHB Todd Demeter
|
0-0: Ball 1-0: Called Strike 1-1: Called Strike 1-2: Ground out 5-3 (Groundball, 56, EV 105.6 MPH)
|
|
Batting: LHB James Beck
|
0-0: Foul Ball, location: 2F 0-1: Ball 1-1: Ball 2-1: Ball 3-1: Called Strike 3-2: Foul Ball, location: 2F 3-2: Foul Ball, location: 2F 3-2: Fly out, F6 (Popup, 6D, EV 48.8 MPH)
|
|
Batting: RHB Guillermo Montiel
|
0-0: Ball 1-0: Ball 2-0: Ball 3-0: Base on Balls
|
|
Batting: RHB Roberto Dennis
|
0-0: Ball 1-0: Called Strike 1-1: Called Strike 1-2: Ball Guillermo Montiel steals 2nd base 2-2: Fly out, F8 (Line Drive, 8LD, EV 93.1 MPH)
|
| Bottom of the 2nd over - 0 runs, 0 hits, 0 errors, 1 left on base; Gastonia 2 - Anderson 0 |
| TOP OF THE 3RD |
|
Gastonia Rockets batting - Pitching for Anderson Rebels : LHP Kevin Houston
|
|
Batting: RHB Jackie Wright
|
0-0: Called Strike 0-1: Foul Ball, location: 2F 0-2: Ball 1-2: Strikes out swinging
|
|
Batting: RHB James Crawford
|
0-0: Called Strike 0-1: Foul Ball, location: 2F 0-2: Foul Ball, location: 2F 0-2: Fly out, F6 (Line Drive, 6, EV 67.5 MPH)
|
|
Batting: RHB john W Russell
|
0-0: Ball 1-0: Swinging Strike 1-1: Ball 2-1: DOUBLE (Groundball, 5L, EV 103.8 MPH)
|
|
Batting: RHB Mark Davidson
|
0-0: Ground out 6-3 (Groundball, 6M, EV 102.5 MPH)
|
| Top of the 3rd over - 0 runs, 1 hit, 0 errors, 1 left on base; Gastonia 2 - Anderson 0 |
| BOTTOM OF THE 3RD |
|
Anderson Rebels batting - Pitching for Gastonia Rockets : RHP Mark Mendez
|
|
Batting: RHB Hector Ordonez
|
0-0: Called Strike 0-1: Called Strike 0-2: Fly out, F9 (Flyball, 89D, EV 90.6 MPH)
|
|
Batting: RHB Mike Gallego
|
0-0: Ball 1-0: Called Strike 1-1: Ball 2-1: Fly out, F4 (Popup, 34D, EV 48.8 MPH)
|
|
Batting: RHB Juan Blanco
|
0-0: Ball 1-0: Foul Ball, location: 2F 1-1: Ground out 6-3 (Groundball, 6M, EV 88.1 MPH)
|
| Bottom of the 3rd over - 0 runs, 0 hits, 0 errors, 0 left on base; Gastonia 2 - Anderson 0 |
| TOP OF THE 4TH |
|
Gastonia Rockets batting - Pitching for Anderson Rebels : LHP Kevin Houston
|
|
Batting: RHB Lance Viola
|
0-0: Called Strike 0-1: Ground out 4-3 (Groundball, 4, EV 81.9 MPH)
|
|
Batting: LHB Dale Holman
|
0-0: Ground out U3 (Groundball, 34, EV 103.1 MPH)
|
|
Batting: LHB Reginald Thomas
|
0-0: Ball 1-0: Reached on error, E5 (Groundball, 56S, EV 72.5 MPH)
|
|
Batting: RHB Pat Dumouchelle
|
0-0: Ball 1-0: Foul Ball, location: 2F 1-1: Called Strike 1-2: Fielders Choice at 2nd, 6-4 (Groundball, 6, EV 88.8 MPH)
|
| Top of the 4th over - 0 runs, 0 hits, 1 error, 1 left on base; Gastonia 2 - Anderson 0 |
| BOTTOM OF THE 4TH |
|
Anderson Rebels batting - Pitching for Gastonia Rockets : RHP Mark Mendez
|
|
Batting: RHB Henry Cotto
|
0-0: Called Strike 0-1: Called Strike 0-2: Fly out, F8 (Line Drive, 8LD, EV 86.9 MPH)
|
|
Batting: RHB Larry See
|
0-0: Ground out 6-3 (Groundball, 6, EV 90.6 MPH)
|
|
Batting: RHB Todd Demeter
|
0-0: Ball 1-0: Called Strike 1-1: SINGLE (Groundball, 6MD, EV 101.9 MPH)
|
|
Batting: LHB James Beck
|
0-0: Swinging Strike 0-1: Ball 1-1: Ball 2-1: Swinging Strike 2-2: Foul Ball, location: 2F 2-2: Ground out U3 (Groundball, 3, EV 83.8 MPH)
|
| Bottom of the 4th over - 0 runs, 1 hit, 0 errors, 1 left on base; Gastonia 2 - Anderson 0 |
| TOP OF THE 5TH |
|
Gastonia Rockets batting - Pitching for Anderson Rebels : LHP Kevin Houston
|
|
Batting: RHB Donald Murelli
|
0-0: Called Strike 0-1: Called Strike 0-2: Ball 1-2: Foul Ball, location: 2F 1-2: Strikes out looking
|
|
Batting: RHB Jackie Wright
|
0-0: Called Strike 0-1: Ball 1-1: Swinging Strike 1-2: Foul Ball, location: 2F 1-2: Ground out 4-3 (Groundball, 4, EV 100.6 MPH)
|
|
Batting: RHB James Crawford
|
0-0: Ball 1-0: Foul Ball, location: 2F 1-1: Ball 2-1: Ball 3-1: Called Strike 3-2: Ground out 4-3 (Groundball, 4, EV 78.8 MPH)
|
| Top of the 5th over - 0 runs, 0 hits, 0 errors, 0 left on base; Gastonia 2 - Anderson 0 |
| BOTTOM OF THE 5TH |
|
Anderson Rebels batting - Pitching for Gastonia Rockets : RHP Mark Mendez
|
|
Batting: RHB Guillermo Montiel
|
0-0: Ball 1-0: Swinging Strike 1-1: Ball 2-1: Called Strike 2-2: Foul Ball, location: 2F 2-2: Hit by Pitch
|
|
Batting: RHB Roberto Dennis
|
0-0: Foul Ball, location: 2F 0-1: Reached on error, E3 (Groundball, 34S, EV 86.3 MPH) Guillermo Montiel to second
|
|
Batting: RHB Hector Ordonez
|
0-0: Foul Ball, location: 2F 0-1: Swinging Strike 0-2: Ball 1-2: Fly out, F9 (Flyball, 9LD, EV 104.4 MPH) Runner from 2nd tags up, SAFE at 3rd, no throw by RF
|
|
Batting: RHB Mike Gallego
|
0-0: Ball 1-0: Ball 2-0: Called Strike 2-1: Foul Ball, location: 2F 2-2: Foul Ball, location: 2F 2-2: Foul Ball, location: 2F 2-2: Fly out, F7 (Flyball, 7LS, EV 87.5 MPH)
|
|
Batting: RHB Juan Blanco
|
0-0: Foul Ball, location: 2F 0-1: Ball 1-1: Fly out, F4 (Flyball, 4D, EV 85.6 MPH)
|
| Bottom of the 5th over - 0 runs, 0 hits, 1 error, 2 left on base; Gastonia 2 - Anderson 0 |
| TOP OF THE 6TH |
|
Gastonia Rockets batting - Pitching for Anderson Rebels : LHP Kevin Houston
|
|
Batting: RHB john W Russell
|
0-0: Ball 1-0: Called Strike 1-1: Foul Ball, location: 2F 1-2: Strikes out looking
|
|
Batting: RHB Mark Davidson
|
0-0: Swinging Strike 0-1: SINGLE (Line Drive, 9S, EV 101.3 MPH)
|
|
Batting: RHB Lance Viola
|
Pickoff Throw to First - Out! 1-3 0-0: Foul Ball, location: 2F 0-1: Ball 1-1: Ball 2-1: Ball 3-1: Ground out 3-1 (Groundball, 34, EV 84.4 MPH)
|
| Top of the 6th over - 0 runs, 1 hit, 0 errors, 0 left on base; Gastonia 2 - Anderson 0 |
| BOTTOM OF THE 6TH |
|
Anderson Rebels batting - Pitching for Gastonia Rockets : RHP Mark Mendez
|
|
Batting: RHB Henry Cotto
|
0-0: Ground out 5-3 (Groundball, 56S, EV 86.3 MPH)
|
|
Batting: RHB Larry See
|
0-0: Foul Ball, location: 2F 0-1: Foul Ball, location: 2F 0-2: Ball 1-2: Fly out, F7 (Flyball, 7S, EV 82.5 MPH)
|
|
Batting: RHB Todd Demeter
|
0-0: Ball 1-0: Called Strike 1-1: Foul Ball, location: 2F 1-2: Ball 2-2: Foul Ball, location: 2F 2-2: Ball 3-2: Base on Balls
|
|
Batting: LHB James Beck
|
0-0: Called Strike 0-1: Foul Ball, location: 2F 0-2: Fly out, F4 (Flyball, 3D, EV 85.0 MPH)
|
| Bottom of the 6th over - 0 runs, 0 hits, 0 errors, 1 left on base; Gastonia 2 - Anderson 0 |
| TOP OF THE 7TH |
|
Gastonia Rockets batting - Pitching for Anderson Rebels : LHP Kevin Houston
|
|
Batting: LHB Dale Holman
|
0-0: Ball 1-0: Ball 2-0: Called Strike 2-1: Ground out U3 (Groundball, 3S, EV 65.6 MPH)
|
|
Batting: LHB Reginald Thomas
|
0-0: Ball 1-0: Foul Ball, location: 2F 1-1: Called Strike 1-2: Ground out 2-3 (Groundball, 15S, EV 61.3 MPH)
|
|
Batting: RHB Pat Dumouchelle
|
0-0: Swinging Strike 0-1: Ball 1-1: Ball 2-1: Ball 3-1: Base on Balls
|
|
Batting: RHB Donald Murelli
|
0-0: Ball 1-0: Foul Ball, location: 2F 1-1: DOUBLE (Line Drive, 9LM, EV 104.4 MPH) Pat Dumouchelle to third Pat Dumouchelle scores
|
|
Batting: RHB Jackie Wright
|
0-0: Ball 1-0: Foul Ball, location: 2F 1-1: Ground out 6-3 (Groundball, 6, EV 103.8 MPH)
|
| Top of the 7th over - 1 run, 1 hit, 0 errors, 1 left on base; Gastonia 3 - Anderson 0 |
| BOTTOM OF THE 7TH |
|
Anderson Rebels batting - Pitching for Gastonia Rockets : RHP Mark Mendez
|
|
Batting: RHB Guillermo Montiel
|
0-0: Foul Ball, location: 2F 0-1: Ball 1-1: Swinging Strike 1-2: Reached on error, E5 (Groundball, 25, EV 87.5 MPH)
|
|
Batting: RHB Roberto Dennis
|
0-0: Foul Ball, location: 2F 0-1: Fly out, F7 (Flyball, 7LM, EV 101.3 MPH)
|
|
Batting: RHB Hector Ordonez
|
0-0: Ball 1-0: Ball 2-0: Called Strike 2-1: Ball 3-1: Reached on error, E5 (Groundball, 5S, EV 82.5 MPH) Guillermo Montiel to second
|
|
Batting: RHB Mike Gallego
|
0-0: Ball 1-0: Foul Ball, location: 2F 1-1: Fielders Choice at 2nd, 6-4 (Groundball, 6, EV 85.6 MPH) Guillermo Montiel to third
|
|
Batting: RHB Juan Blanco
|
0-0: Ball 1-0: Swinging Strike Balk! Guillermo Montiel scores Mike Gallego to second 1-1: SINGLE (Line Drive, 7S, EV 95.6 MPH) Mike Gallego to third Runner from 3rd tries for Home, SAFE, throw by LF to home
|
|
Batting: RHB Henry Cotto
|
0-0: Called Strike 0-1: Foul Ball, location: 2F 0-2: Ball 1-2: Fly out, F9 (Line Drive, 9, EV 95.0 MPH)
|
| Bottom of the 7th over - 2 runs, 1 hit, 2 errors, 1 left on base; Gastonia 3 - Anderson 2 |
| TOP OF THE 8TH |
|
Gastonia Rockets batting - Pitching for Anderson Rebels : LHP Kevin Houston
|
|
Batting: RHB James Crawford
|
0-0: Swinging Strike 0-1: Foul Ball, location: 2F 0-2: Strikes out looking
|
|
Batting: RHB john W Russell
|
0-0: Ball 1-0: Foul Ball, location: 2F 1-1: Ball 2-1: Foul Ball, location: 2F 2-2: Foul Ball, location: 2F 2-2: Ground out 5-3 (Groundball, 56, EV 81.9 MPH)
|
|
Batting: RHB Mark Davidson
|
0-0: Ball 1-0: Ball 2-0: Ground out 6-3 (Groundball, 56, EV 96.9 MPH)
|
| Top of the 8th over - 0 runs, 0 hits, 0 errors, 0 left on base; Gastonia 3 - Anderson 2 |
| BOTTOM OF THE 8TH |
|
Anderson Rebels batting - Pitching for Gastonia Rockets : RHP Mark Mendez
|
|
Pitching: LHP David Cammack
|
|
|
Batting: RHB Larry See
|
0-0: Ball 1-0: Ball 2-0: Ball 3-0: Called Strike 3-1: Called Strike 3-2: Base on Balls
|
|
Batting: RHB Todd Demeter
|
0-0: Ball 1-0: Swinging Strike 1-1: Foul Ball, location: 2F 1-2: Ball 2-2: Ball 3-2: Foul Ball, location: 2F 3-2: Base on Balls Larry See to second
|
|
Pinch Runner at 2nd Eli Aldridge:
|
|
|
Batting: RHB Steve Lombardozzi
|
0-0: Foul Ball, location: 2F 0-1: Ball 1-1: Ball 2-1: Foul Ball, location: 2F 2-2: Foul Ball, location: 2F 2-2: Ball 3-2: Fielders Choice at 2nd, 6-4 (Groundball, 6, EV 94.4 MPH) Eli Aldridge to third
|
|
Batting: RHB Guillermo Montiel
|
0-0: Ball 1-0: Ball 2-0: Foul Ball, location: 2F 2-1: Ball 3-1: Base on Balls Steve Lombardozzi to second
|
|
Batting: RHB Roberto Dennis
|
0-0: Called Strike 0-1: Foul Ball, location: 2F 0-2: Ball 1-2: SINGLE (Flyball, 89S, EV 96.9 MPH) Eli Aldridge scores Steve Lombardozzi to third Guillermo Montiel to second Runner from 3rd tries for Home, SAFE, throw by RF to home
|
|
Batting: RHB Hector Ordonez
|
0-0: Called Strike 0-1: Grounds into double play, 5-4-3 (Groundball, 56S, EV 86.3 MPH)
|
| Bottom of the 8th over - 2 runs, 1 hit, 0 errors, 1 left on base; Gastonia 3 - Anderson 4 |
| TOP OF THE 9TH |
|
Gastonia Rockets batting - Pitching for Anderson Rebels : LHP Kevin Houston
|
|
Pitching: RHP Kenneth Walker
|
|
|
Now at C: Dwight Lowry
|
|
|
Batting: RHB Lance Viola
|
0-0: Called Strike 0-1: Ball 1-1: Called Strike 1-2: Foul Ball, location: 2F 1-2: Strikes out looking
|
|
Batting: LHB Dale Holman
|
0-0: Ball 1-0: SOLO HOME RUN (Flyball, 89XD, EV 109.4 MPH), Distance : 402 ft
|
|
Batting: LHB Reginald Thomas
|
0-0: Ball 1-0: Ball 2-0: Called Strike 2-1: DOUBLE (Groundball, 3L, EV 102.5 MPH)
|
|
Batting: RHB Pat Dumouchelle
|
0-0: Intentional Walk
|
|
Pinch Hitting: RHB Gary Skow
|
0-0: Ball Reginald Thomas steals 3rd base Pat Dumouchelle to second 1-0: Intentional Walk
|
|
Batting: RHB Jackie Wright
|
0-0: DOUBLE (Flyball, 8RD, EV 99.4 MPH) Reginald Thomas scores Pat Dumouchelle scores Gary Skow to third Runner from 3rd tries for Home, SAFE, no throw by CF
|
|
Pitching: RHP Wesley Smith
|
|
|
Batting: RHB James Crawford
|
0-0: Ball 1-0: Ball 2-0: Swinging Strike 2-1: Called Strike 2-2: Ball 3-2: Foul Ball, location: 2F 3-2: Strikes out swinging
|
|
Pitching: RHP Jose Roman
|
|
|
Batting: RHB john W Russell
|
0-0: Called Strike 0-1: Ball 1-1: 2-RUN HOME RUN (Line Drive, 7LD, EV 104.4 MPH), Distance : 359 ft
|
|
Batting: RHB Mark Davidson
|
0-0: Called Strike 0-1: Foul Ball, location: 2F 0-2: Foul Ball, location: 2F 0-2: Ball 1-2: Foul Ball, location: 2F 1-2: Strikes out swinging
|
| Top of the 9th over - 6 runs, 4 hits, 0 errors, 0 left on base; Gastonia 9 - Anderson 4 |
| BOTTOM OF THE 9TH |
|
Anderson Rebels batting - Pitching for Gastonia Rockets : LHP David Cammack
|
|
Now at SS: Jon Lindsey
|
|
|
Batting: RHB Mike Gallego
|
0-0: Called Strike 0-1: Called Strike 0-2: Ball 1-2: Fly out, F4 (Popup, 4, EV 68.8 MPH)
|
|
Batting: RHB Juan Blanco
|
0-0: Ball 1-0: Ball 2-0: SINGLE (Groundball, 56D, EV 105.6 MPH)
|
|
Pitching: LHP Carlos Arroyo
|
|
|
Batting: RHB Henry Cotto
|
0-0: Foul Ball, location: 2F 0-1: SINGLE (Line Drive, 8LS, EV 108.1 MPH) Juan Blanco to second
|
|
Batting: LHB Dwight Lowry
|
0-0: Called Strike 0-1: Ball 1-1: Ball 2-1: Called Strike 2-2: Foul Ball, location: 2F 2-2: Ball 3-2: Foul Ball, location: 2F 3-2: Strikes out swinging
|
|
Batting: RHB Todd Demeter
|
0-0: Called Strike 0-1: Foul Ball, location: 2F 0-2: Ball 1-2: Ball 2-2: Strikes out swinging
|
| Bottom of the 9th over - 0 runs, 2 hits, 0 errors, 2 left on base; Gastonia 9 - Anderson 4 |
|